 Dungeon Crawl Stone Soup version 0.24-a0-487-g57318f2ed0 (webtiles) character file.

Game seed: 12149474368643579845

75 pk666 the Magician (level 4, -2/24 HPs)
             Began as a Deep Elf Wizard on July 11, 2019.
             Killed from afar by an orc wizard (7 damage)
             ... with a puff of frost
             ... on level 2 of the Dungeon.
             The game lasted 00:02:18 (2114 turns).

pk666 the Magician (Deep Elf Wizard)                Turns: 2114, Time: 00:02:19

Health: -2/24      AC:  2    Str:  4    XL:     4   Next: 11%
Magic:  6/13       EV: 13    Int: 24    God:
Gold:   154        SH:  0    Dex: 13    Spells: 4/13 levels left

rFire    . . .     SeeInvis .   k - +0 dagger
rCold    . . .     Gourm    .   (no shield)
rNeg     . . .     Faith    .   a - +0 robe
rPois    .         Spirit   .   b - +0 hat
rElec    .         Reflect  .   (no cloak)
rCorr    .         Harm     .   (no gloves)
MR       .....                  (no boots)
Stlth    ++........             (no amulet)
HPRegen  0.08/turn              (no ring)
MPRegen  0.13/turn              (no ring)

@: very slightly contaminated
A: no striking features
a: no special abilities


You were on level 2 of the Dungeon.
You were very hungry.

You visited 1 branch of the dungeon, and saw 3 of its levels.

You collected 154 gold pieces.

Inventory:

Hand Weapons
 k - a +0 dagger (weapon)
Armour
 a - a +0 robe (worn)
 b - a +0 hat (worn)
Jewellery
 g - an uncursed ring of positive energy {unknown}
 h - an uncursed ring of flight {unknown}
Scrolls
 c - 2 scrolls of teleportation {unknown}
 e - 3 scrolls of remove curse {unknown}
 f - 2 scrolls of immolation {unknown}
 i - 2 scrolls of enchant weapon {unknown}
 j - a scroll of fog {unknown}
Potions
 l - a potion of flight {unknown}
 m - a potion of brilliance {unknown}
Comestibles
 d - 4 rations


   Skills:
 - Level 3.2 Dodging
 - Level 2.4 Stealth
 + Level 5.1 Spellcasting
 + Level 2.4 Conjurations
   Level 1.1 Summonings
 + Level 1.6 Translocations
 + Level 0.5 Fire Magic
 + Level 0.4 Air Magic
 + Level 0.8 Poison Magic


You had 4 spell levels left.
You knew the following spells:

 Your Spells              Type           Power        Failure   Level  Hunger
a - Magic Dart            Conj           ###.         3%          1    None
b - Blink                 Tloc           N/A          7%          2    None
c - Conjure Flame         Conj/Fire      ##......     14%         3    ##.....
d - Mephitic Cloud        Conj/Pois/Air  ##......     16%         3    ##.....

Your spell library contained the following spells:

 Spells                   Type           Power        Failure   Level  Hunger
 Call Imp                 Summ           ##......     9%          2    None
 Slow                     Hex            #.......     13%         2    None


Dungeon Overview and Level Annotations

Branches:
Dungeon (3/15)

Altars:
Uskayaw
Wu Jian
The Shining One


Message History

The magic dart hits you.
There is a stone staircase leading up here.
The orc wizard gestures at you while chanting.
The magic dart hits you!
There is a stone staircase leading up here.
The orc wizard barely misses you. The orc hits you with a +0 whip.
* * * LOW HITPOINT WARNING * * *
You climb upwards.
There is a stone staircase leading down here.
Casting: Magic Dart (safe; 3% risk of failure)
Confirm with . or Enter, or press ? or * to list all spells.
Aiming: Magic Dart (safe; 3% risk of failure)
Press: ? - help, Shift-Dir - straight line, f - orc wizard
Aim: an orc wizard, wielding a +0 dagger and wearing a +0 robe (moderately wounded)
The magic dart hits the orc wizard.
The orc wizard is severely wounded.
The orc closely misses you.
The orc wizard gestures at you while chanting.
The puff of frost hits you!
You die...

#.# #. #.# #. ##### #.# #.
##...## #.#### ##
##.....#### ##### #....# #
#.........###...######.####
#..........#.###.# #.....
#.........oo.# #.# ######
##........@#.###.#
#####...#...###...####
#...##.###### ##.....#
###...##.# #####.#
#........# ######.###
#........########...[....#
##.......###.....#........#
#### #........#
#.....#...#....###...
#.#......#
#...............))...


You could see an orc wizard and an orc.

Vanquished Creatures
  A gnoll (D:1)
  2 adders (D:2)
  A worm (D:2)
  A dart slug (D:2)
  3 leopard geckos (D:2)
  An orc (D:3)
  5 bats
  A giant cockroach (D:1)
  5 goblins
  3 hobgoblins
  4 jackals
  5 kobolds
  2 frilled lizards
  6 rats
40 creatures vanquished.

Notes
Turn   | Place    | Note
-------+----------+-------------------------------------------
     0 | D:1      | pk666 the Deep Elf Wizard began the quest for the Orb.
     0 | D:1      | Reached XP level 1. HP: 10/10 MP: 7/7
   385 | D:1      | Reached XP level 2. HP: 15/15 MP: 7/9
   932 | D:2      | Reached skill level 5 in Spellcasting
   932 | D:2      | Reached XP level 3. HP: 19/19 MP: 7/11
  1034 | D:2      | Learned a level 2 spell: Blink
  1038 | D:2      | Learned a level 3 spell: Conjure Flame
  1042 | D:2      | Learned a level 3 spell: Mephitic Cloud
  1158 | D:2      | Found a glowing golden altar of the Shining One.
  1807 | D:2      | Reached XP level 4. HP: 24/24 MP: 11/13
  1977 | D:3      | Found an ornate altar of the Wu Jian Council.
  2090 | D:3      | Found a hide-covered altar of Uskayaw.
  2114 | D:2      | Killed from afar by an orc wizard

Levels and vault maps discovered:
D:1:      lightli_arrival_isolated_outpost, layout_loops_cross
D:2:      cheibrodos_old_hovel, layout_loops_cross, tso_metal_star
D:3:      layout_rooms, overflow_temple_1_default,
          eat_drink_and_be_merry_uskayaw, bloody_trog, gup_sewer_entry_glass,
          serial_corexii_hall, corexii_hall_statues_i, corexii_hall_statues_x

Skill      XL: |  1  2 |
---------------+-------+-----
Dodging        | 3 |  3.2
Conjurations   | 2 |  2.4
Spellcasting   | 5 |  5.1
Stealth        | |  2.4
Summonings     | |  1.1
Translocations | |  1.6
Fire Magic     | |  0.5
Air Magic      | |  0.4
Poison Magic   | |  0.8

Action                   |  1- 3 |  4- 6 || total
-------------------------+-------+-------++-------
 Cast: Magic Dart        |    76 |    24 ||   100
  Eat: Chunk             |     2 |       ||     2
Armor: Robe              |     1 |       ||     1
Dodge: Dodged            |     6 |     3 ||     9

Table legend:
 A = Non-vault XP
 B = Vault XP
 C = Vault XP percentage of total XP
 D = Non-vault monster count
 E = Vault monster count
 F = Vault count percentage of total count
                 A         B        C        D         E       F
            +---------+---------+-------+---------+---------+-------
      Total |     107 |       1 |   0.9 |      39 |       1 |   2.5
            +---------+---------+-------+---------+---------+-------
        D:1 |      34 |       0 |   0.0 |      14 |       0 |   0.0
        D:2 |      63 |       1 |   1.6 |      19 |       1 |   5.0
        D:3 |      10 |       0 |   0.0 |       6 |       0 |   0.0
            +---------+---------+-------+---------+---------+-------
